 Dungeon Crawl Stone Soup version 0.17-a0-2171-ga91b4ec (webtiles) character file.

251 mrath the Chiller (level 6, -6/46 HPs)
             Began as a Merfolk Ice Elementalist on Oct 25, 2015.
             Was an Initiate of Yredelemnul.
             Engulfed by a cloud of flame (23 damage)
             ... on level 4 of the Dungeon.
             The game lasted 01:06:06 (7188 turns).

mrath the Chiller (Merfolk Ice Elementalist)        Turns: 7188, Time: 01:06:09

Health: -6/46      AC:  3    Str:  8    XL:     6   Next: 13%
Magic:  6/10       EV: 14    Int: 15    God:    Yredelemnul [......]
Gold:   104        SH:  0    Dex: 16    Spells: 3 memorised, 5 levels left

rFire  . . .     SeeInvis +     B - +0 spear
rCold  . . .     Clarity  .     F - +0 robe {Archmagi}
rNeg   . . .     SustAt   .     (no shield)
rPois  .         Gourm    .     c - +0 helmet
rElec  .         Spirit   .     (no cloak)
rCorr  .         Warding  .     (no gloves)
rMut   .         Stasis   .     (no boots)
MR     .....                    (no amulet)
Stlth  ++........               (no ring)
                                p - ring of see invisible

@: not resistant to hostile enchantments, unstealthy
A: change form in water, swift swim
a: Renounce Religion


You were on level 4 of the Dungeon.
You worshipped Yredelemnul.
Yredelemnul was noncommittal.
You were not hungry.

You visited 1 branch of the dungeon, and saw 5 of its levels.

You collected 104 gold pieces.

Inventory:

Hand Weapons
 h - a +0 whip
 q - a cursed -2 dagger
 t - a +0 rapier
 v - a +0 scimitar
 B - a +0 spear (weapon)
 C - a +0 flail
Missiles
 a - 12 poisoned needles
 e - 143 stones (quivered)
 k - 3 throwing nets
Armour
 c - a +0 helmet (worn)
 r - a +0 leather armour
 F - a +0 robe of the Archmagi (worn)
Jewellery
 p - a ring of see invisible (left hand)
Scrolls
 i - a scroll of immolation
 j - 3 scrolls of identify
 l - 2 scrolls of recharging {unknown}
 n - 2 scrolls of blinking {unknown}
 u - a scroll of enchant weapon {unknown}
 w - a scroll of remove curse {unknown}
 x - a scroll of magic mapping {unknown}
 y - 4 scrolls of teleportation {unknown}
Potions
 f - 2 potions of curing
 m - a potion of agility {unknown}
 o - a potion of heal wounds {unknown}
 s - 2 potions of lignification
 z - 2 potions of haste
 E - a potion of beneficial mutation {unknown}
 G - a potion of brilliance {unknown}
 H - a potion of flight {unknown}
Books
 b - a book of Frost

   Spells                             Type                      Level
   a - Freeze                         Ice                          1
   b - Throw Frost                    Conjuration/Ice              2
   c - Ozocubu's Armour               Charms/Ice                   3
   d - Throw Icicle                   Conjuration/Ice              4
   e - Summon Ice Beast               Ice/Summoning                4
   f - Condensation Shield            Ice                          4
Comestibles
 A - 2 beef jerkies
 D - a bread ration


   Skills:
 + Level 2.8 Fighting
 + Level 2.0 Polearms
 + Level 4.2 Dodging
 - Level 2.1 Stealth
 + Level 3.1 Spellcasting
 - Level 0.7 Conjurations
 + Level 1.3 Charms
 + Level 4.4 Ice Magic


You had 5 spell levels left.
You knew the following spells:

 Your Spells              Type           Power        Failure   Level  Hunger
a - Freeze                Ice            ###.         3%          1    #......
b - Throw Frost           Conj/Ice       ###...       12%         2    ##.....
c - Ozocubu's Armour      Chrm/Ice       ###.....     21%         3    ###....


Dungeon Overview and Level Annotations

Branches:
Dungeon (5/15)
 Temple: D:4-7

Altars:
Gozag
Yredelemnul

Shops:
D:4 =


Message History

Aiming: Freeze
Press: ? - help, Shift-Dir - straight line, f/p - ooze
Aim: an ooze (heavily wounded, inner flame)
You feel a surge of power!
You freeze the ooze.
The ooze is severely wounded.
The ooze closely misses you.
Casting: Freeze
Confirm with . or Enter, or press ? or * to list all spells.
Aiming: Freeze
Press: ? - help, Shift-Dir - straight line, f/p - ooze
Aim: an ooze (severely wounded, inner flame)
You feel a surge of power!
You freeze the ooze.
The ooze explodes!
The fiery explosion engulfs you!
Ouch! That really hurt!
Yredelemnul accepts your kill.
You are engulfed in roaring flames.
Ouch! That really hurt!
You die...
Your body rises from the dead as a mindless zombie.

....#................#
#.....#.
....'................#
#.....'.
....#................#
#.....#.
....#................#
####'###
....#................#
#......#
....#...............)#
#......#
....#.........§§.....#
#......'
....#..........§§....#
#......#
#####.........§§@....#
#......#
##################
########


There were no monsters in sight!

Vanquished Creatures
  A hound (D:3)
  An orc wizard (D:4)
  7 gnolls
  4 adders
  An ooze (D:4)
  4 worms
  3 giant geckos
  4 orcs
  4 giant cockroaches
  5 hobgoblins
  7 jackals
  2 quokkas
  10 bats
  2 giant newts (D:3)
  5 goblins
  8 kobolds
  A quokka skeleton (D:4)
  8 rats
77 creatures vanquished.

Notes
Turn   | Place    | Note
--------------------------------------------------------------
     0 | D:1      | mrath the Merfolk Ice Elementalist began the quest for the Orb.
     0 | D:1      | Reached XP level 1. HP: 13/13 MP: 3/3
   618 | D:1      | Reached skill level 1 in Fighting
   618 | D:1      | Reached XP level 2. HP: 19/21 MP: 1/5
  1560 | D:1      | Learned a level 2 spell: Throw Frost
  1861 | D:2      | Reached XP level 3. HP: 26/26 MP: 6/6
  3615 | D:3      | Reached XP level 4. HP: 33/33 MP: 2/7
  3830 | D:3      | Found an opulent altar of Gozag.
  4404 | D:3      | Reached skill level 4 in Ice Magic
  4442 | D:3      | Found a basalt altar of Yredelemnul.
  5238 | D:3      | Reached XP level 5. HP: 4/38 MP: 3/9
  5655 | D:3      | Learned a level 3 spell: Ozocubu's Armour
  5799 | D:3      | Reached skill level 1 in Polearms
  6034 | D:4      | Reached skill level 1 in Charms
  6652 | D:4      | Reached XP level 6. HP: 34/46 MP: 4/10
  6798 | D:4      | Found Ymoryol's Jewellery Emporium.
  6868 | D:3      | Became a worshipper of Yredelemnul the Dark
  7175 | D:5      | Entered Level 5 of the Dungeon
  7188 | D:4      | Engulfed by a cloud of flame

Vault maps used:
D:1:      shiori_shiawase, serial_glass, glass_columns_b, glass_columns_b,
          glass_columns_a, glass_columns_c, item_on_display_a,
          item_on_display_a, minmay_misc_feat_plants
D:2:      first_bread, hex_intersection, minmay_misc_feat_more_columns
D:3:      nicolae_overflow_hidden_temple, grunt_gozag_statues
D:4:      serial_shops, nicolae_shop_waterfront
D:5:      lemuel_doored_altar, minmay_temple_entry_hall, gup_sewer_entry_spiral,
          jiyva_altar_1

Action                   |  1- 3 |  4- 6 || total
-------------------------+-------+-------++-------
Melee: Short sword       |    13 |       ||    13
       Rapier            |    15 |     2 ||    17
       Spear             |       |    12 ||    12
Throw: Stone             |   105 |    91 ||   196
 Cast: Freeze            |    57 |    75 ||   132
       Throw Frost       |     2 |       ||     2
       Ozocubu's Armour  |       |     1 ||     1
  Use: Scroll            |       |     5 ||     5
 Stab: Sleeping          |     1 |       ||     1
  Eat: Chunk             |     3 |     7 ||    10
       Bread ration      |     2 |       ||     2
       Beef jerky        |       |     1 ||     1
